 Dungeon Crawl Stone Soup version 0.27-a0-277-g024f7ef292 (webtiles) character file.

Game seed: 3731665644761029290

7130 mobtown the Artisan of Death (level 10, 0/52 (53) HPs)
             Began as a Deep Elf Necromancer on Feb 6, 2021.
             Was a Priest of Kikubaaqudgha.
             Slain by an orc warrior
             ... wielding a +0 battleaxe
             ... led by an orc high priest
              (30 damage)
             ... on level 1 of the Orcish Mines.
             The game lasted 01:29:22 (17161 turns).

mobtown the Artisan of Death (DENe)                Turns: 17161, Time: 01:29:32

HP:   0/52 (53)     AC: 13    Str:  5    XL:     10   Next: 85%
MP:   26/26         EV: 15    Int: 24    God:    Kikubaaqudgha [***...]
Gold: 284           SH:  0    Dex: 15    Spells: 4/30 levels left

rFire    . . .     SeeInvis .   y - +3 dagger (vorpal)
rCold    . . .     Faith    .   (no shield)
rNeg     . . .     Spirit   .   k - +0 robe
rPois    .         Reflect  .   h - +0 helmet
rElec    .         Harm     .   v - +0 cloak {rCorr}
rCorr    +         Rampage  .   l - +1 pair of gloves of the Leaf {Regen+}
Will     +....                  M - +2 pair of boots
Stlth    +++.......             P - amulet of magic regeneration
HPRegen  0.57/turn              E - ring of wizardry
MPRegen  0.45/turn              u - +4 ring of protection

@: lightly drained
A: no striking features
a: Renounce Religion, Receive Corpses


You were on level 1 of the Orcish Mines.
You worshipped Kikubaaqudgha.
Kikubaaqudgha was most pleased with you.
You visited 3 branches of the dungeon, and saw 12 of its levels.
You also visited: Sewer.

You collected 856 gold pieces.
You spent 572 gold pieces at shops.

Inventory:

Hand Weapons
 d - a +0 mace of holy wrath
 y - a +3 vorpal dagger (weapon)
 C - a +5 mace
 H - a +0 trident
 L - a +3 scimitar of freezing
 U - a +1 dagger of distortion
Missiles
 a - 362 stones
 s - 124 arrows
Armour
 h - a +0 helmet (worn)
 k - a +0 robe (worn)
 l - the +1 pair of gloves of the Leaf (worn) {Regen+}
   (You found it on level 10 of the Dungeon)

   It increases your rate of regeneration.
 v - a +0 cloak of preservation (worn)
 M - a +2 pair of boots (worn)
Magical Staves
 e - an uncursed staff of death
 F - an uncursed staff of earth
Jewellery
 f - an uncursed ring of positive energy
 j - an uncursed amulet of faith
 q - an uncursed ring of poison resistance
 u - a +4 ring of protection (right hand)
 x - an uncursed ring of fire
 B - the amulet of Beauty {Spirit Will++ Str+6}
   (You found it in a sewer)

   [amulet of guardian spirit]

   It causes incoming damage to be split between your health and magic.
   It affects your strength (+6).
   It affects your willpower, your defense against some magical effects.
 D - an uncursed amulet of guardian spirit
 E - a ring of wizardry (left hand)
 P - an amulet of magic regeneration (around neck)
 V - an uncursed ring of ice
Wands
 n - a wand of iceblast (8)
 o - a wand of random effects (18)
 A - a wand of digging (17)
 J - a wand of polymorph (11)
 N - a wand of acid (6)
 O - a wand of charming (8)
 W - a wand of flame (12)
Scrolls
 b - 3 scrolls of teleportation
 g - 2 scrolls of immolation
 w - a scroll of brand weapon
 G - a scroll of magic mapping
 I - 2 scrolls of remove curse
 K - 2 scrolls of amnesia
Potions
 c - 4 potions of attraction
 i - 4 potions of curing
 m - a potion of resistance {unknown}
 p - a potion of flight {unknown}
 r - a potion of magic {unknown}
 t - a potion of degeneration {unknown}
 z - a potion of lignification {unknown}
 Q - a potion of brilliance {unknown}
 R - a potion of might
 S - 2 potions of ambrosia {unknown}
 T - a potion of haste


   Skills:
 + Level 2.2 Fighting
 + Level 4.4 Short Blades
 + Level 0.2(1.0) Maces & Flails
 + Level 2.1 Staves
 + Level 5.4 Dodging
 + Level 5.3 Stealth
 + Level 10.5 Spellcasting
 * Level 6.8 Hexes
 * Level 12.7 Necromancy
 + Level 1.4 Air Magic
 + Level 1.8 Poison Magic
 * Level 3.6 Evocations


You had 4 spell levels left.
You knew the following spells:

 Your Spells              Type           Power        Failure   Level
a - Pain                  Necr           100%         1%          1
b - Animate Skeleton      Necr           100%         1%          1
c - Vampiric Draining     Necr           32%          1%          3
d - Animate Dead          Necr           32%          1%          4
e - Corona                Hex            50%          1%          1
f - Summon Small Mammal   Summ           48%          1%          1
g - Call Canine Familiar  Summ           12%          6%          3
h - Mephitic Cloud        Conj/Pois/Air  18%          4%          3
i - Conjure Flame         Conj/Fire      12%          6%          3
j - Poisonous Vapours     Pois/Air       40%          1%          2
k - Dispel Undead         Necr           65%          1%          4

Your spell library contained the following spells:

 Spells                   Type           Power        Failure   Level
 Apportation              Tloc           24%          1%          1
 Sandblast                Erth           24%          1%          1
 Corpse Rot               Necr/Air       N/A          1%          2
 Sublimation of Blood     Necr           32%          1%          2
 Confusing Touch          Hex            45%          1%          3
 Summon Guardian Golem    Hex/Summ       29%          1%          3
 Call Imp                 Summ           12%          3%          2
 Passwall                 Tmut/Erth      10%          3%          2
 Gell's Gravitas          Tloc           6%           6%          3
 Stone Arrow              Conj/Erth      24%          6%          3
 Summon Lightning Spire   Summ/Air       16%          16%         4
 Petrify                  Tmut/Erth      12%          21%         4
 Summon Ice Beast         Ice/Summ       12%          21%         4
 Agony                    Necr           65%          1%          5
 Death Channel            Necr           32%          1%          6
 Borgnjor's Vile Clutch   Necr/Erth      21%          4%          5
 Metabolic Englaciation   Hex/Ice        14%          14%         5
 Yara's Violent Unravell  Hex/Tmut       14%          14%         5
 Lee's Rapid Deconstruct  Erth           6%           45%         5
 Freezing Cloud           Conj/Ice/Air   7%           91%         6


Dungeon Overview and Level Annotations

Branches:
Dungeon (10/15)            Temple (1/1) D:7            Lair (0/6) D:10
    Orc (1/2) D:10          Sewer (visited)

Altars:
Ashenzari
Cheibriados
Dithmenos
Elyvilon
Fedhas
Gozag
Hepliaklqana
Kikubaaqudgha
Makhleb
Nemelex Xobeh
Okawaru
Qazlal
Ru
Sif Muna
Trog
Uskayaw
Vehumet
Wu Jian
Xom
Yredelemnul
Zin
The Shining One

Shops:
D:6 !   D:8 ?


Message History

Things that are here:
a +0 flail; an orc corpse
There is a staircase to the Orcish Mines, spattered with blood here.
You climb downwards.
Welcome back to the Orcish Mines!
An orc comes into view.
The ogre closely misses you. The orc warrior misses you. The warg bites you.
The warg bites you! The orc warrior barely misses you.
The ogre hits the orc warrior with a +0 giant club!!
The orc warrior is killed!
Kikubaaqudgha accepts your kill. The warg closely misses you.
There is a staircase back to the Dungeon here.
The warg bites you but does no damage. The orc hits you but does no damage.
You hear a grinding noise.
The orc high priest prays to Beogh.
The warg bites you but does no damage.
The orc warrior hits you with a +0 battleaxe!!
Ouch! That really hurt!
You die...
Kikubaaqudgha rasps: "You have failed me!
Welcome... death!"

......>.^....#.
..#............
..........$#...
...........oo..
............{.#
..............#
...#..ho......#
...3o.o@)......
......h#O.....#
....o## ....###
..4# #..## ..
.## . .. ##


You could see an orc high priest, a ynoxinul (summoned), 2 wargs, a red devil
(summoned), 2 orc warriors, an ogre (confused), an orc wizard (confused) and 2
orcs.

Vanquished Creatures
  Urug (D:10)
  A cyclops (D:10)
  Maurice (D:8)
  A troll (D:10)
  A hornet (D:10)
  A wraith (D:10)
  5 orc warriors
  A water moccasin (D:7)
  3 ice beasts
  A sky beast (D:8)
  A black bear (D:7)
  6 ogres
  2 centaurs
  A phantom (D:4)
  A big kobold (D:9)
  11 bullfrogs
  A wyvern skeleton (D:6)
  A scorpion (D:8)
  15 wights
  4 electric eels
  3 howler monkeys
  2 centaur zombies
  A quasit (D:6)
  A centaur skeleton (D:4)
  11 hounds
  4 jellies
  5 orc priests
  Ijyb (D:5)
  10 orc wizards
  3 iguanas
  Natasha (thrice) (D:4)
  6 worker ants
  A killer bee zombie (D:8)
  A hound zombie (D:4)
  2 worker ant zombies
  15 adders
  A river rat (D:5)
  3 shadow imps
  3 white imps
  An ufetubus (D:8)
  An ooze (D:2)
  2 adder skeletons
  6 worms
  13 dart slugs
  12 leopard geckos
  49 orcs
  3 ball pythons
  9 giant cockroaches
  17 goblins
  2 hobgoblins (D:3)
  13 jackals
  13 kobolds
  4 quokkas
  A ball python skeleton (D:4)
  8 bats
  11 frilled lizards
  A leopard gecko zombie (D:5)
  A quokka skeleton (D:4)
  5 rats
307 creatures vanquished.

Vanquished Creatures (others)
  A dart slug (D:6)
  17 plants (D:9)
18 creatures vanquished.

Grand Total: 325 creatures vanquished

Notes
Turn   | Place    | Note
-------+----------+-------------------------------------------
     0 | D:1      | mobtown the Deep Elf Necromancer began the quest for the
                  | Orb.
     0 | D:1      | Reached XP level 1. HP: 10/10 MP: 6/6
    13 | D:1      | Reached skill level 5 in Necromancy
   461 | D:1      | Reached XP level 2. HP: 11/15 MP: 4/8
  1434 | D:2      | Reached XP level 3. HP: 10/19 MP: 0/10
  1436 | D:2      | Learned a level 1 spell: Animate Skeleton
  1440 | D:2      | Learned a level 3 spell: Vampiric Draining
  1581 | D:2      | Found a shadowy altar of Dithmenos.
  1698 | D:2      | Found a snail-covered altar of Cheibriados.
  1762 | D:2      | Found a broken altar of Ashenzari.
  2044 | D:2      | Reached skill level 6 in Necromancy
  2044 | D:2      | Reached XP level 4. HP: 17/24 MP: 6/11
  2154 | D:2      | Reached skill level 1 in Short Blades
  3517 | D:3      | Noticed an ogre
  3603 | D:3      | Killed an ogre
  3604 | D:3      | Reached skill level 7 in Necromancy
  3604 | D:3      | Reached XP level 5. HP: 22/28 MP: 1/13
  3975 | D:4      | Noticed Natasha
  3978 | D:4      | Killed Natasha
  4037 | D:4      | Reached XP level 6. HP: 32/33 MP: 12/14
  4042 | D:4      | Learned a level 4 spell: Animate Dead
  4083 | D:4      | Reached skill level 5 in Spellcasting
  4512 | D:4      | Reached skill level 8 in Necromancy
  4522 | D:4      | Reached XP level 7. HP: 26/37 MP: 6/17
  4715 | D:4      | Noticed Natasha
  4721 | D:4      | Killed Natasha
  5036 | D:4      | Noticed Natasha
  5050 | D:4      | Killed Natasha
  5396 | D:4      | Found a sacrificial altar of Ru.
  5504 | D:5      | Entered Level 5 of the Dungeon
  5617 | D:5      | Found a glowing golden altar of the Shining One.
  5632 | D:5      | Noticed Ijyb
  5645 | D:5      | Killed Ijyb
  6119 | D:5      | Found a glowing drain.
  6129 | Sewer    | Entered a sewer
  6658 | Sewer    | Reached skill level 9 in Necromancy
  6811 | Sewer    | Got a fine sapphire amulet
  6822 | Sewer    | Identified the amulet of Beauty {Spirit Will++ Str+6} (You
                  | found it in a sewer)
  7246 | D:5      | Reached XP level 8. HP: 42/42 MP: 20/20
  7248 | D:5      | Learned a level 1 spell: Corona
  7586 | D:6      | Learned a level 1 spell: Summon Small Mammal
  8119 | D:6      | Reached skill level 1 in Hexes
  8119 | D:6      | Reached skill level 10 in Necromancy
  8495 | D:6      | Found a bloodstained altar of Trog.
  8937 | D:6      | Found Withriar's Distillery.
  8967 | D:6      | Found an ornate altar of the Wu Jian Council.
  9726 | D:6      | Found a glowing silver altar of Zin.
  9805 | D:7      | Found a staircase to the Ecumenical Temple.
  9817 | Temple   | Entered the Ecumenical Temple
  9864 | Temple   | Became a worshipper of Kikubaaqudgha
  9951 | D:7      | Reached skill level 11 in Necromancy
 10227 | D:7      | Reached XP level 9. HP: 46/46 MP: 23/23
 10239 | D:7      | Learned a level 3 spell: Call Canine Familiar
 10255 | D:7      | Reached skill level 1 in Fighting
 11135 | D:7      | Found a stormy altar of Qazlal.
 11210 | D:7      | Found an iron altar of Okawaru.
 11210 | D:7      | Found a white marble altar of Elyvilon.
 11314 | D:8      | Reached * piety under Kikubaaqudgha
 11314 | D:8      | Identified Kikubaaqudgha's Collected Works on Stolen Souls
                  | (Kikubaaqudgha gifted it to you on level 8 of the Dungeon)
 11314 | D:8      | Received a gift from Kikubaaqudgha
 11466 | D:8      | Found Ygawad's Magic Scroll Shoppe.
 12041 | D:8      | Learned a level 3 spell: Mephitic Cloud
 12045 | D:8      | Learned a level 3 spell: Conjure Flame
 12213 | D:8      | Noticed Maurice
 12247 | D:8      | Killed Maurice
 12248 | D:8      | Reached skill level 5 in Hexes
 12248 | D:8      | Reached skill level 1 in Evocations
 12665 | D:8      | Bought a scroll of acquirement for 572 gold pieces
 12665 | D:8      | Acquired an uncursed staff of death
 13359 | D:9      | Reached XP level 10. HP: 44/53 MP: 19/25
 13373 | D:9      | Reached skill level 12 in Necromancy
 13453 | D:9      | Found a shimmering altar of Xom.
 13570 | D:9      | Reached ** piety under Kikubaaqudgha
 13944 | D:9      | Found a burning altar of Makhleb.
 14194 | D:9      | Reached skill level 1 in Staves
 14284 | D:9      | Learned a level 2 spell: Poisonous Vapours
 14394 | D:9      | Found an opulent altar of Gozag.
 14812 | D:10     | Entered Level 10 of the Dungeon
 15101 | D:10     | Got a pair of translucent gloves
 15112 | D:10     | Identified the +1 pair of gloves of the Leaf {Regen+} (You
                  | found it on level 10 of the Dungeon)
 15120 | D:10     | Reached skill level 10 in Spellcasting
 15127 | D:10     | Reached skill level 5 in Dodging
 15320 | D:10     | Paralysed by a hornet for 3 turns
 15323 | D:10     | Reached skill level 5 in Stealth
 15420 | D:10     | Reached *** piety under Kikubaaqudgha
 15420 | D:10     | Identified Kikubaaqudgha's Almanac of Evil (Kikubaaqudgha
                  | gifted it to you on level 10 of the Dungeon)
 15420 | D:10     | Received a gift from Kikubaaqudgha
 15541 | D:10     | Found a staircase to the Orcish Mines.
 15763 | D:10     | Learned a level 4 spell: Dispel Undead
 16283 | D:10     | Found a staircase to the Lair.
 16441 | D:10     | Noticed a cyclops
 16550 | D:10     | Killed a cyclops
 16551 | D:10     | Reached skill level 1 in Air Magic
 16551 | D:10     | Reached skill level 1 in Poison Magic
 16671 | D:10     | Noticed Urug
 16712 | D:10     | Killed Urug
 17146 | Orc:1    | Entered Level 1 of the Orcish Mines
 17146 | Orc:1    | Noticed an orc high priest
 17161 | Orc:1    | Slain by an orc warrior

Illustrated notes

Levels and vault maps discovered:
D:1:      mrwooster_arrival_arrow, layout_loops_ring
D:2:      layout_basic, cheibriados_altar_1, nicolae_dithmenos_shadow_blocks,
          ashenzari_altar_1
D:3:      layout_loops_ring, minmay_ogre_servants
D:4:      layout_basic, nicolae_ru_path_of_blood, uniq_natasha
D:5:      layout_basic, lemuel_round_altar, gup_sewer_entry_bubbles, uniq_ijyb
D:6:      kennysheep_slugbush, layout_basic, kennysheep_mini_moat,
          nzn_wu_jian_council_hall, nicolae_overflow_hidden_temple,
          serial_shops, kennysheep_little_box
D:7:      layout_rooms, general_overflow_altar, amethyst_overflow_temple_binary,
          temple_fountains
D:8:      layout_basic, serial_shops, shop_fountains, uniq_maurice
D:9:      layout_loops_ring, overflow_temple_1_default,
          overflow_temple_1_default,
          nicolae_gozag_cash_rules_everything_around_me, chequers_big_river,
          minmay_fractal_squares_diagonal_5
D:10:     layout_irregular_city, lair_entry_dummy, hiddenorc1_lemuel,
          minmay_joined_circles, uniq_urug
Temple:   kb_temple_of_zot
Orc:1:    layout_caves, serial_shops, nicolae_shop_statue_plus,
          nicolae_shop_trees, shop, shop, uniq_sonja, uniq_jorgrun

Skill      XL: |  1  2  3  4  5  6  7  8  9 10 |
---------------+-------------------------------+-----
Necromancy     | 5 6 7 8 9 11 12 | 12.7
Stealth        | 3 4 5 |  5.3
Short Blades   | 1 2 4 |  4.4
Spellcasting   | 4 5 6 8 9 10 | 10.5
Hexes          | 2 5 6 |  6.8
Dodging        | 3 4 5 |  5.4
Fighting       | 1 2 |  2.2
Evocations     | 1 3 |  3.6
Staves         | 2 |  2.1
Air Magic      | 1 |  1.4
Poison Magic   | 1 |  1.8
Maces & Flails | |  0.2

Action                   |  1- 3 |  4- 6 |  7- 9 | 10-12 || total
-------------------------+-------+-------+-------+-------++-------
Melee: Dagger            |    14 |    31 |   341 |    28 ||   414
       Staff             |       |       |    29 |   240 ||   269
       Mace              |       |       |       |    14 ||    14
 Cast: Pain              |    46 |    77 |   206 |    18 ||   347
       Vampiric Draining |       |     3 |    37 |     9 ||    49
       Conjure Flame     |       |       |     1 |     2 ||     3
       Poisonous Vapours |       |       |       |    27 ||    27
       Mephitic Cloud    |       |       |       |     1 ||     1
       Corona            |       |       |       |     1 ||     1
Evoke: Wand              |       |    14 |    15 |    13 ||    42
  Use: Scroll            |       |     9 |    12 |       ||    21
       Potion            |       |       |     8 |     3 ||    11
 Stab: Sleeping          |    13 |     8 |    11 |     6 ||    38
Armor: Robe              |     4 |    16 |   118 |   101 ||   239
Dodge: Dodged            |     3 |    39 |   256 |   212 ||   510

Table legend: (Time is in decaauts)
 A = Elapsed time spent in this place.
 B = Non-inter-level travel time spent in this place.
 C = Inter-level travel time spent in this place.
 D = Time resting spent in this place.
 E = Time spent auto-exploring this place.
 F = Levels seen in this place.
 G = Mean time per level.
                   A        B        C        D        E       F      G
               +--------+--------+--------+--------+--------+-----+--------+
         Total |  17195 |  17195 |      0 |   5398 |   8260 |  13 | 1322.7 |
       Dungeon |  16334 |  16334 |      0 |   5194 |   7778 |  10 | 1633.4 |
        Temple |    116 |    116 |      0 |      0 |     83 |   1 |  116.0 |
  Orcish Mines |      7 |      7 |      0 |      0 |      0 |   1 |    7.0 |
         Sewer |    736 |    736 |      0 |    203 |    399 |   1 |  736.0 |
               +--------+--------+--------+--------+--------+-----+--------+

Top non-repeatable levels by time:
    D:10: 2348 daAuts
     D:6: 2235 daAuts
     D:9: 2197 daAuts
     D:4: 1583 daAuts
     D:1: 1390 daAuts
     D:5: 1389 daAuts
     D:3: 1380 daAuts
     D:7: 1371 daAuts
     D:8: 1294 daAuts
     D:2: 1143 daAuts
   Sewer: 736 daAuts
  Temple: 116 daAuts
   Orc:1: 7 daAuts
